 Dungeon Crawl Stone Soup version 0.16.1-2-g95b8d4c (webtiles) character file.

16632 magipi the Spear-Bearer (level 12, -6/100 HPs)
             Began as a Centaur Gladiator on Mar 25, 2015.
             Was a High Priest of Fedhas.
             Mangled by a spiny frog (19 damage)
             ... on level 2 of the Lair of Beasts.
             The game lasted 01:41:47 (17395 turns).

magipi the Spear-Bearer (Centaur Gladiator)        Turns: 17395, Time: 01:41:48

Health: -6/100     AC: 11    Str: 26    XL:     12   Next: 11%
Magic:  9/9        EV: 14    Int:  7    God:    Fedhas [*****.]
Gold:   884        SH:  0    Dex: 14    Spells: 0 memorised, 11 levels left

rFire  . . .     SeeInvis .     a - +3 glaive (freeze)
rCold  + . .     Clarity  +     m - +2 ring mail {rC+}
rNeg   . . .     SustAb   +     (no shield)
rPois  .         Gourm    .     c - +1 helmet
rElec  +         Spirit   .     y - +1 cloak
rCorr  .         Warding  .     (no gloves)
rMut   .         Stasis   .     (no barding)
MR     .....                    B - amulet of rage
Stlth  ..........               H - ring of Hibb {SustAb rElec MR- Str+7}
                                (no ring)

@: very quick, not resistant to hostile enchantments, extremely unstealthy
A: hooves 3, clarity, deformed body, speed 2, tough skin 3
a: Evolution, Sunlight, Growth, Reproduction, Rain, Renounce Religion, Evoke
Berserk Rage


You were on level 2 of the Lair of Beasts.
You worshipped Fedhas.
Fedhas was extremely pleased with you.
You were not hungry.

You visited 4 branches of the dungeon, and saw 17 of its levels.

You collected 1333 gold pieces.
You spent 449 gold pieces at shops.

Inventory:

Hand weapons
 a - a +3 glaive of freezing (weapon)
 b - a +0 blowgun
 S - a +1 trident
Missiles
 d - 4 throwing nets (quivered)
 q - 57 poisoned needles
 G - 6 curare-tipped needles
Armour
 c - a +1 helmet (worn)
 m - a +2 ring mail of cold resistance (worn)
 y - a +1 cloak (worn)
 C - a +2 chain mail of magic resistance
Jewellery
 g - an uncursed ring of ice
 B - an amulet of rage (around neck)
 F - an uncursed ring of teleportation
 H - the ring of Hibb (right hand) {SustAb rElec MR- Str+7}
   (You found it on level 7 of the Dungeon)

   [ring of sustain abilities]

   It sustains your strength, intelligence and dexterity.
   It affects your strength (+7).
   It insulates you from electricity.
   It affects your resistance to hostile enchantments.
Magical devices
 k - a wand of cold (3)
 l - a wand of digging (11)
 n - a wand of random effects (16)
 t - a wand of slowing (24)
 D - a wand of teleportation (6)
 E - a wand of disintegration (14)
 K - a wand of fire (0)
 M - a wand of digging (7)
 O - a wand of frost (18)
 P - a wand of draining (0)
 R - a wand of draining (2)
Scrolls
 e - 2 scrolls of magic mapping
 i - 2 scrolls of recharging
 r - 2 scrolls of teleportation
 s - 2 scrolls of fog
 u - a scroll of amnesia
 w - a scroll of enchant armour
Potions
 h - 2 potions of might
 j - 3 potions of restore abilities
 p - 4 potions of curing
 v - a potion of poison
 z - 2 potions of resistance
 A - a potion of brilliance {unknown}
 L - 2 potions of lignification
Comestibles
 f - 6 bread rations
 o - 12 fruits
 x - 9 meat rations
 Q - a slice of pizza


   Skills:
 - Level 7.1 Fighting
 + Level 12.5 Polearms
 - Level 2.6 Throwing
 + Level 10.3 Dodging


You had 11 spell levels left.
You didn't know any spells.

Dungeon Overview and Level Annotations

Branches:
Dungeon (11/15)            Temple (1/1) D:5            Lair (2/8) D:10
    Orc (3/4) D:10
    Elf: Orc:3-4

Altars:
Ashenzari
Cheibriados
Dithmenos
Elyvilon
Fedhas
Gozag
Kikubaaqudgha
Makhleb
Nemelex Xobeh
Okawaru
Qazlal
Ru
Trog
Vehumet
Xom
Yredelemnul
Zin
The Shining One
Beogh

Shops:
D:9 }   D:10 ?   Orc:1 %%   Orc:2 :

Annotations:
D:5 Prince Ribbit
D:10 1 runed door


Innate Abilities, Weirdness & Mutations

You have hooves in place of feet.
Armour fits poorly on your strangely shaped body.
You cover ground very quickly.
You have extremely tough skin (AC +3).
You possess an exceptional clarity of mind.

Vault maps used:
D:1:      saegor_arrival_simple_a, minmay_misc_feat_enclosed
D:2:      minmay_door_path, uniq_terence
D:3:      nicolae_overflow_hidden_temple, first_bread
D:5:      nicolae_dithmenos_the_darkroom, tgw_sif, minmay_temple_entry_trees,
          uniq_grinder, uniq_prince_ribbit1
D:6:      grunt_qazlal_clouds
D:7:      kennysheep_mini
D:8:      overflow_temple_1_default
D:9:      minmay_quarter_circles, serial_shops, shop
D:10:     david_lair_shrubbed, david_orc_5, serial_shops, shop, hangedman_ranch,
          minivault_13
D:11:     uniq_fannar
Temple:   dpeg_five_rooms_temple_12
Lair:1:   cheibrodos_lair_reptile_den, grunt_megastairs_1, lemuel_fruit_fields,
          infiniplex_staircase_pool_2
Lair:2:   lemuel_fruit_tree
Orc:1:    nicolae_orc_accident_1, serial_shops, nicolae_shop_window_shopping,
          shop, uniq_joseph
Orc:2:    nicolae_volcano_entry_lava_flow, serial_shops, shop,
          nicolae_orc_tapped_out
Orc:3:    nicolae_orc_pool_cavern


Message History

You hit the spiny frog!! You freeze the spiny frog.
You kill the spiny frog!
Found a club.
Read which item? (? for menu, Esc to quit)
Okay, then.
You swap places.
You swap places.
You walk carefully through the plants.
A crocodile comes into view.
Attack whom?
Press: ? - help, Dir - move target cursor, f - crocodile
Aim: a crocodile You reach to attack!
You hit the crocodile! You freeze the crocodile.
The crocodile is severely wounded.
You completely miss the crocodile. Your kick misses the crocodile.
The crocodile is severely wounded.
The crocodile bites you!
You hit the crocodile. You freeze the crocodile.
Your kick misses the crocodile.
The crocodile is almost dead.
The crocodile bites you but does no damage.
You closely miss the crocodile. You kick the crocodile.
You kill the crocodile!
A spiny frog comes into view.
The spiny frog croaks.
Attack whom?
Press: ? - help, Dir - move target cursor, f - spiny frog
Aim: a spiny frog You reach to attack!
You barely miss the spiny frog. The spiny frog stings you!
You are poisoned.
The spiny frog poisons you!
You hit the spiny frog! You freeze the spiny frog.
The spiny frog is moderately wounded.
You feel sick. The spiny frog stings you.
You barely miss the spiny frog. You kick the spiny frog.
The spiny frog is moderately wounded.
You feel sick. The spiny frog closely misses you.
You hit the spiny frog. You freeze the spiny frog.
The spiny frog is heavily wounded.
The spiny frog misses you. The spiny frog stings you!
You are more poisoned.
The spiny frog poisons you!
You are too injured to fight recklessly!
You are too injured to fight recklessly!
Unknown command.
You feel sick.
You feel sick.
Evoke which item? (* to show all) (? for menu, Esc to quit)
Attack whom?
Press: ? - help, Dir - move target cursor, f/p - spiny frog
Aim: a spiny frog (heavily wounded)
You reach to attack!
You hit the spiny frog! You freeze the spiny frog.
The spiny frog is almost dead.
You feel very sick. The spiny frog stings you!
You are more poisoned.
The spiny frog poisons you!
You feel sick.
You feel sick.
Evoke which item? (* to show all) (? for menu, Esc to quit)
Attack whom?
Press: ? - help, Dir - move target cursor, f/p - spiny frog
Aim: a spiny frog (almost dead)
You reach to attack!
You completely miss the spiny frog.
The spiny frog is almost dead.
You feel very sick. The spiny frog misses you.
You feel sick.
Evoke which item? (* to show all) (? for menu, Esc to quit)
Attack whom?
Press: ? - help, Dir - move target cursor, f/p - spiny frog
Aim: a spiny frog (almost dead)
You reach to attack!
You hit the spiny frog but do no damage.
The spiny frog is almost dead.
You feel sick. The spiny frog stings you!
* * * LOW HITPOINT WARNING * * *
A spiny frog comes into view.
* * * LOW HITPOINT WARNING * * *
You feel sick.
The spiny frog croaks.
* * * LOW HITPOINT WARNING * * *
You feel sick.
You swap places.
* * * LOW HITPOINT WARNING * * *
You feel sick.
Your wandering mushroom misses the spiny frog.
Drink which item? (? for menu, Esc to quit)
You feel better.
Your wandering mushroom releases spores at the spiny frog but does no damage.
Unknown command.
You hit the spiny frog. You freeze the spiny frog.
You kick the spiny frog, but do no damage.
The spiny frog is almost dead.
The spiny frog stings you!
* * * LOW HITPOINT WARNING * * *
Your wandering mushroom barely misses the spiny frog.
The spiny frog stings you!!
You die...
Fedhas appreciates your contribution to the ecosystem.

## .## ### ## ##### #.###.#
####.###.#.# #####
#.....######P#.#
#..#.####.....#
...P.....f.....###..#.##.#....#
.....#...#####..##....#....#
....#.#.## #..@F..#....#
.....##... ##.#f....P#..P#
...####P..# #.......P##.....P#
...## ...## ##.......###...###
..P.# ##.. #..F....P# #..#
#...# ... #..#..#....P ..#
......# . ...#....##.......
......# .......# .....##
#...... #..#... ...


You could see 2 spiny frogs and a friendly wandering mushroom.

Table legend:
 A = Kills in this place as a percentage of kills in entire the game.
 B = Kills by you in this place as a percentage of kills by you in the entire game.
 C = Kills by friends in this place as a percentage of kills by friends in the entire game.
 D = Other kills in this place as a percentage of other kills in the entire game.
 E = Experience gained in this place as a percentage of experience gained in the entire game.
 F = Experience gained in this place divided by the number of levels of this place that you have seen.
                   A       B       C       D       E      F
               +-------+-------+-------+-------+-------+----------------------
         Total | 100.0 | 100.0 | 100.0 |  -nan | 100.0 | 1397.7
       Dungeon |  57.6 |  58.3 |  30.8 |  -nan |  52.0 | 1122.8
          Lair |   7.5 |   7.7 |   0.0 |  -nan |  24.3 | 2890.0
  Orcish Mines |  35.0 |  34.0 |  69.2 |  -nan |  23.7 | 1876.7
               +-------+-------+-------+-------+-------+----------------------

Vanquished Creatures
  A hydra (Lair:1)
  An orc high priest (Orc:1)
  An unseen horror (D:10)
  A hill giant (D:10)
  Joseph (Orc:1)
  2 black mambas (Lair:1)
  2 spiny frogs (Lair:2)
  3 komodo dragons
  Grinder (D:5)
  A two-headed ogre (D:10)
  3 trolls
  5 hippogriffs
  12 yaks
  2 wyverns
  A hungry ghost (D:8)
  2 porcupines
  2 wargs
  A sky beast (D:10)
  2 ice beasts
  15 orc warriors
  A phantom (D:8)
  A water moccasin (D:9)
  3 centaurs
  A black bear (D:6)
  9 ogres
  3 crocodiles
  9 giant frogs
  4 big kobolds
  4 scorpions
  5 wights
  2 water moccasin skeletons
  3 quasits
  2 jellies (D:9)
  A goliath beetle (D:9)
  A wasp zombie (D:10)
  5 crimson imps
  5 giant frog zombies
  8 hounds
  2 giant frog skeletons
  12 orc priests
  6 iguanas
  21 orc wizards
  7 worker ants
  2 sheep (D:10)
  2 hound zombies
  Terence (D:2)
  A hound skeleton (D:10)
  A worker ant zombie (D:10)
  5 adders
  2 gnolls (D:6)
  5 giant mites
  8 river rats (Lair:1)
  3 worms
  3 shadow imps (D:9)
  7 giant geckos
  An ooze (D:6)
  147 orcs
  11 bats
  3 giant cockroaches
  14 goblins
  22 hobgoblins
  6 jackals
  2 ball pythons (D:4)
  5 giant newts
  A jackal zombie (D:6)
  16 kobolds
  10 quokkas
  2 quokka skeletons
  6 rats
460 creatures vanquished.

Vanquished Creatures (collateral kills)
  2 orc knights (Orc:1)
  A wandering mushroom (Orc:3)
  An orc warrior (Orc:1)
  An ogre (D:9)
  An orc priest (D:9)
  An orc wizard (Orc:1)
  A giant frog simulacrum (D:9)
  An adder skeleton (D:9)
  4 orcs
  A goblin (Orc:1)
  A toadstool (Orc:3)
15 creatures vanquished.

Vanquished Creatures (others)
  An orc priest (D:6)
  2 orc wizards (D:6)
  A gnoll (D:6)
  A giant gecko (D:6)
  2 orcs
  A kobold (D:7)
  4 wandering mushrooms
  A plant (D:10)
  330 toadstools
343 creatures vanquished.

Grand Total: 818 creatures vanquished

Notes
Turn   | Place    | Note
--------------------------------------------------------------
     0 | D:1      | magipi, the Centaur Gladiator, began the quest for the Orb.
     0 | D:1      | Reached XP level 1. HP: 17/17 MP: 1/1
    16 | D:1      | Reached skill level 3 in Polearms
    81 | D:1      | Reached XP level 2. HP: 22/24 MP: 2/2
   638 | D:2      | Reached XP level 3. HP: 21/29 MP: 3/3
   841 | D:2      | Noticed Terence
  1032 | D:2      | Reached skill level 4 in Polearms
  1452 | D:2      | Killed Terence
  1452 | D:2      | Reached XP level 4. HP: 36/36 MP: 3/3
  1712 | D:3      | Found a glowing silver altar of Zin.
  1714 | D:3      | Found a snail-covered altar of Cheibriados.
  2306 | D:4      | Reached skill level 5 in Polearms
  2329 | D:4      | Gained mutation: You possess an exceptional clarity of mind. [potion of beneficial mutation]
  2413 | D:4      | Noticed an ogre
  2453 | D:4      | Killed an ogre
  2453 | D:4      | Reached XP level 5. HP: 12/41 MP: 4/4
  2734 | D:4      | Reached skill level 6 in Polearms
  2814 | D:4      | Reached XP level 6. HP: 33/48 MP: 5/5
  3201 | D:5      | Entered Level 5 of the Dungeon
  3268 | D:5      | Found a staircase to the Ecumenical Temple.
  3278 | Temple   | Entered the Ecumenical Temple
  3343 | Temple   | Became a worshipper of Fedhas Madash
  3531 | D:5      | Noticed Prince Ribbit
  3666 | D:6      | Found a stormy altar of Qazlal.
  3966 | D:6      | Reached skill level 7 in Polearms
  4303 | D:5      | Noticed Grinder
  4341 | D:5      | Paralysed by Grinder for 5 turns
  4347 | D:5      | Found a shadowy altar of Dithmenos.
  4361 | D:5      | Killed Grinder
  4361 | D:5      | Reached XP level 7. HP: 34/55 MP: 5/5
  4514 | D:6      | Reached skill level 8 in Polearms
  5129 | D:6      | Reached XP level 8. HP: 42/66 MP: 6/6
  5228 | D:6      | Noticed a hippogriff
  5317 | D:6      | Killed a hippogriff
  5529 | D:7      | Reached skill level 5 in Fighting
  5635 | D:7      | Found a radiant altar of Vehumet.
  5982 | D:7      | Acquired Fedhas' first power
  6378 | D:7      | Got a twitching platinum ring
  6772 | D:8      | Reached skill level 5 in Dodging
  6772 | D:8      | Reached XP level 9. HP: 35/77 MP: 7/7
  7402 | D:8      | Found an ancient bone altar of Kikubaaqudgha.
  8888 | D:9      | Reached skill level 9 in Polearms
  9184 | D:9      | Reached XP level 10. HP: 83/86 MP: 7/7
  9191 | D:9      | Acquired Fedhas' second power
  9391 | D:9      | Identified the ring of Hibb {SustAb rElec MR- Str+7} (You found it on level 7 of the Dungeon)
  9902 | D:9      | Found Xeoreo's Gadget Boutique.
  9910 | D:9      | Bought a wand of disintegration (15) for 190 gold pieces
 10044 | D:10     | Entered Level 10 of the Dungeon
 10183 | D:10     | Found a staircase to the Lair.
 10213 | D:10     | Reached skill level 10 in Polearms
 10255 | D:10     | Found a roughly hewn altar of Beogh.
 10668 | D:10     | Found Pnurics' Magic Scroll Shoppe.
 10753 | D:10     | Killed an unseen horror
 10960 | D:10     | Noticed a hill giant
 10975 | D:10     | Killed a hill giant
 11003 | D:10     | Found a runed door.
 11188 | D:10     | Found a staircase to the Orcish Mines.
 11237 | D:10     | Acquired Fedhas' third power
 11327 | D:10     | Reached XP level 11. HP: 92/92 MP: 8/8
 11563 | Orc:1    | Entered Level 1 of the Orcish Mines
 11570 | Orc:1    | Reached skill level 11 in Polearms
 11710 | Orc:1    | Noticed Joseph
 12009 | Orc:1    | Killed Joseph
 12509 | Orc:1    | Found Thremanin's Food Shop.
 12580 | Orc:1    | Found Wamak's Food Boutique.
 12972 | Orc:3    | Acquired Fedhas' fourth power
 13344 | Orc:3    | Noticed a stone giant
 13569 | Orc:2    | Found Alen's Book Shoppe.
 14175 | Orc:1    | Noticed an orc high priest
 14193 | Orc:1    | Killed an orc high priest
 14257 | Orc:1    | Acquired Fedhas' fifth power
 15369 | Lair:1   | Entered Level 1 of the Lair of Beasts
 15485 | Lair:1   | Reached skill level 12 in Polearms
 15993 | Lair:1   | Reached skill level 10 in Dodging
 16174 | Lair:1   | Noticed a five-headed hydra
 16179 | Lair:1   | Killed a five-headed hydra
 16179 | Lair:1   | Reached XP level 12. HP: 100/100 MP: 9/9
 16418 | Orc:1    | You fall through a shaft!
 17051 | D:10     | Bought a scroll of remove curse for 39 gold pieces
 17057 | D:10     | Bought a scroll of identify for 26 gold pieces
 17061 | D:10     | Bought a scroll of enchant weapon for 97 gold pieces
 17061 | D:10     | Bought a scroll of enchant weapon for 97 gold pieces
 17395 | Lair:2   | Mangled by a spiny frog

Action                   |  1- 3 |  4- 6 |  7- 9 | 10-12 || total
-------------------------+-------+-------+-------+-------++-------
Melee: Trident           |   136 |   196 |   553 |    28 ||   913
       Glaive            |       |       |       |   661 ||   661
 Fire: Blowgun           |       |       |     7 |     6 ||    13
Invok: Evolution         |       |       |       |     6 ||     6
Evoke: Wand              |       |       |       |    10 ||    10
  Use: Scroll            |       |     9 |    12 |    12 ||    33
       Potion            |       |     1 |       |     4 ||     5
 Stab: Confused          |       |       |       |     2 ||     2
       Distracted        |       |       |       |     1 ||     1
  Eat: Chunk             |       |     5 |    10 |    18 ||    33
       Beef jerky        |       |     1 |     2 |     2 ||     5
       Bread ration      |       |     1 |       |       ||     1
       Pizza             |       |       |       |     1 ||     1

Action                   |  1- 3 |  4- 6 |  7- 9 | 10-12 || total
-------------------------+-------+-------+-------+-------++-------
Melee: Trident           |   136 |   196 |   553 |    28 ||   913
       Glaive            |       |       |       |   661 ||   661
 Fire: Blowgun           |       |       |     7 |     6 ||    13
Invok: Evolution         |       |       |       |     6 ||     6
Evoke: Wand              |       |       |       |    10 ||    10
  Use: Scroll            |       |     9 |    12 |    12 ||    33
       Potion            |       |     1 |       |     4 ||     5
 Stab: Confused          |       |       |       |     2 ||     2
       Distracted        |       |       |       |     1 ||     1
  Eat: Chunk             |       |     5 |    10 |    18 ||    33
       Beef jerky        |       |     1 |     2 |     2 ||     5
       Bread ration      |       |     1 |       |       ||     1
       Pizza             |       |       |       |     1 ||     1

Action                   |  1- 3 |  4- 6 |  7- 9 | 10-12 || total
-------------------------+-------+-------+-------+-------++-------
Melee: Trident           |   136 |   196 |   553 |    28 ||   913
       Glaive            |       |       |       |   661 ||   661
 Fire: Blowgun           |       |       |     7 |     6 ||    13
Invok: Evolution         |       |       |       |     6 ||     6
Evoke: Wand              |       |       |       |    10 ||    10
  Use: Scroll            |       |     9 |    12 |    12 ||    33
       Potion            |       |     1 |       |     4 ||     5
 Stab: Confused          |       |       |       |     2 ||     2
       Distracted        |       |       |       |     1 ||     1
  Eat: Chunk             |       |     5 |    10 |    18 ||    33
       Beef jerky        |       |     1 |     2 |     2 ||     5
       Bread ration      |       |     1 |       |       ||     1
       Pizza             |       |       |       |     1 ||     1
